 Dungeon Crawl Stone Soup version 0.31-a0-217-g58bb5d79cf (webtiles) character file.

Game seed: 6373186968405867002

3175 experimilk the Destroyer (level 9, -10/61 (62) HPs)
             Began as a Green Draconian Conjurer on July 2, 2023.
             Was a Follower of Kikubaaqudgha.
             Mangled by an orc
             ... wielding a +1 short sword of electrocution
              (18 damage)
             ... on level 8 of the Dungeon.
             The game lasted 00:25:06 (9002 turns).

experimilk the Destroyer (Green Draconian Conjurer) Turns: 9002, Time: 00:25:06

HP:   -10/61 (62)   AC:  8    Str: 11    XL:     9   Next: 63%
MP:   5/18          EV: 12    Int: 31    God:    Kikubaaqudgha [*.....]
Gold: 460           SH:  0    Dex:  9    Spells: 5/20 levels left

rFire   . . .        n - +8 dagger of Koeliczu {spect, rC++ Int+3}
rCold   + + .        (no shield)
rNeg    . . .        (body armour unavailable)
rPois   +            (helmet restricted)
rElec   .            y - +0 cloak
rCorr   .            (no gloves)
SInv    .            (no boots)
Will    .....        I - amulet of magic regeneration
Stlth   ++           f - +6 ring of intelligence
HPRegen 0.30/turn    i - +4 ring of slaying
MPRegen 0.56/turn

%: no passive effects
@: weakened, animating dead, lightly drained
A: breathe noxious fumes, AC +7, unfitting armour, poison resistance,
cold-blooded
a: Breathe Noxious Fumes, Renounce Religion, Unearth Wretches


You were on level 8 of the Dungeon.
You worshipped Kikubaaqudgha.
Kikubaaqudgha was aware of your devotion.
You visited 2 branches of the dungeon, and saw 9 of its levels.
You also visited: Sewer.

You collected 460 gold pieces.

Inventory:

Hand Weapons
 e - a +0 spear
 n - the +8 dagger of Koeliczu (weapon) {spect, rC++ Int+3}
   (You took it off an orc on level 3 of the Dungeon)

   Int:       It affects your intelligence (+3).
   rC:        It greatly protects you from cold.
Missiles
 s - 2 throwing nets
Armour
 y - a +0 cloak (worn)
Jewellery
 f - a +6 ring of intelligence (left hand)
 i - a +4 ring of slaying (right hand)
 E - a +6 ring of dexterity
 I - an amulet of magic regeneration (around neck)
Wands
 b - a wand of polymorph (12)
 l - a wand of flame (32)
 C - a wand of paralysis (14)
Scrolls
 c - a scroll of fear {unknown}
 d - 2 scrolls of enchant weapon
 g - 3 scrolls of vulnerability {unknown}
 h - 2 scrolls of teleportation
 k - 3 scrolls of silence
 m - 2 scrolls of poison {unknown}
 o - 2 scrolls of amnesia {unknown}
 q - a scroll of brand weapon {unknown}
 t - a scroll of butterflies {unknown}
 v - a scroll of fog {unknown}
 x - 3 scrolls of noise {unknown}
 D - a scroll of acquirement {unknown}
 F - a scroll of enchant armour {unknown}
 H - a scroll of revelation {unknown}
 J - a scroll of identify
Potions
 a - 3 potions of invisibility {unknown}
 j - 3 potions of curing
 p - 2 potions of brilliance {unknown}
 r - a potion of degeneration {unknown}
 u - a potion of attraction {unknown}
 w - a potion of lignification {unknown}
 z - 2 potions of might {unknown}
 A - a potion of heal wounds {unknown}
 B - a potion of resistance
 G - a potion of mutation {unknown}


   Skills:
 - Level 1.7 Dodging
 - Level 1.7 Stealth
 + Level 6.1 Spellcasting
 - Level 9.0 Conjurations
 + Level 9.0 Necromancy


You had 5 spell levels left.
You knew the following spells:

 Your Spells              Type           Power      Damage    Failure   Level
a - Animate Dead          Necr           60%        N/A       1%          4
b - Magic Dart            Conj           100%       1d8       1%          1
d - Vampiric Draining     Necr           60%        2d10      1%          3
s - Dispel Undead         Necr           60%        3d21      1%          4
v - Kiss of Death         Conj/Necr      100%       2d13      1%          1
z - Searing Ray           Conj           100%       2d8       1%          2

Your spell library contained the following spells:

 Spells                   Type           Power      Damage    Failure   Level
 Necrotise                Necr           100%       1d9       1%          1
 Cigotuvi's Dreadful Rot  Necr/Pois/Air  56%        N/A       2%          2
 Dazzling Flash           Conj/Hex       74%        N/A       2%          3
 Slow                     Hex            36%        N/A       4%          1
 Summon Small Mammal      Summ           36%        N/A       4%          1
 Fulminant Prism          Conj/Hex       18%        3d10      8%          4
 Iskenderun's Mystic Bla  Conj/Tloc      37%        2d9       8%          4
 Call Canine Familiar     Summ           9%         N/A       14%         3
 Confusing Touch          Hex            9%         N/A       14%         3
 Ozocubu's Armour         Ice            9%         N/A       14%         3
 Summon Guardian Golem    Hex/Summ       9%         N/A       14%         3
 Volatile Blastmotes      Fire/Tloc      18%        2d11      14%         3
 Metabolic Englaciation   Hex/Ice        4%         N/A       80%         5
 Simulacrum               Ice/Necr       18%        N/A       75%         6
 Starburst                Conj/Fire      18%        6d7       75%         6


Dungeon Overview and Level Annotations

Branches:
Dungeon (8/15)             Temple (1/1) D:4           Sewer (visited)
   Lair: D:8-11

Altars:
Ashenzari
Cheibriados
Dithmenos
Elyvilon
Fedhas
Gozag
Hepliaklqana
Kikubaaqudgha
Makhleb
Nemelex Xobeh
Okawaru
Qazlal
Ru
Sif Muna
Trog
Uskayaw
Vehumet
Wu Jian
Xom
Yredelemnul
Zin
The Shining One

Shops:
D:2 =


Innate Abilities, Weirdness & Mutations

You can breathe blasts of noxious fumes.
Your lurid green scales are hard. (AC +7)
You cannot fit into any form of body armour.
Your system is resistant to poisons. (rPois)
You are cold-blooded and may be slowed by cold attacks.


Message History

The gnoll bouda is moderately wounded.
Your attacks no longer feel as feeble.
The gnoll hits you from afar with a +0 spear.
Your kobold zombie hits the centaur.
The orc hits you but does no damage. The gnoll hits you but does no damage.
The gnoll bouda hits you with a +0 whip.
You hit the gnoll bouda.
The gnoll bouda is severely wounded.
A howler monkey comes into view.
The gnoll hits you but does no damage.
The orc hits you with a +1 short sword of electrocution.
The gnoll hits you from afar with a +0 spear.
The gnoll bouda closely misses you.
The orc hits your kobold zombie with a +0 short sword.
You hit the gnoll bouda. You tail-slap the gnoll bouda.
The gnoll bouda is almost dead.
The gnoll hits you from afar with a +0 spear.
Your kobold zombie closely misses the orc.
The orc closely misses you. The gnoll hits you but does no damage.
The gnoll bouda gazes fiercely through you!
You feel your attacks grow feeble. The gnoll bouda closely misses you.
The orc hits your kobold zombie with a +0 short sword.
Your kobold zombie is destroyed!
You hit the gnoll bouda.
The gnoll bouda is almost dead.
The gnoll hits you from afar with a +0 spear!
* * * LOW HITPOINT WARNING * * *
The gnoll hits you but does no damage. The orc closely misses you.
A shadow imp comes into view.
Unknown command.
You feel better.
The gnoll hits you from afar with a +0 spear.
* * * LOW HITPOINT WARNING * * *
The howler monkey hoots and howls with incredible vigour!
The gnoll hits you from afar with a +0 spear!
* * * LOW HITPOINT WARNING * * *
The orc hits you but does no damage.
You are electrocuted!!
You die...
Kikubaaqudgha rasps: "You have failed me!
Welcome... death!"

#....#....#
#......######
#...........#
.......#.....# .#
.............##.#
.......#.......<#
#.#...##..)..#..
# ###..#####.###
# ...o##.#.gc@##
.... # #.oo## .
..... ##ogg# ..
......#..of# ...
......#...5#....
......h..........
.................
.......?.........
###............##


You could see a sleepcap, a centaur, a gnoll bouda, a howler monkey, 2 gnolls, a
shadow imp and 4 orcs.

Vanquished Creatures
  A wyvern (D:5)
  3 steam dragons
  2 water moccasins
  3 black bears
  2 ice beasts
  Pargi (Sewer)
  2 sky beasts (D:6)
  2 kobold brigands
  A bullfrog (D:8)
  3 scorpions
  9 wights
  5 killer bees (D:7)
  3 howler monkeys (D:7)
  2 jellies
  7 hounds
  3 iguanas
  6 gnolls
  2 adders (D:5)
  A shadow imp (D:3)
  3 ufetubi
  2 worms (D:2)
  4 dart slugs
  7 orcs
  9 endoplasms
  5 giant cockroaches
  5 goblins
  5 hobgoblins
  8 jackals
  6 quokkas
  9 ball pythons
  7 bats
  7 frilled lizards
  18 kobolds
  3 rats
156 creatures vanquished.

Vanquished Creatures (others)
  A kobold zombie (D:8)
1 creature vanquished.

Grand Total: 157 creatures vanquished

Notes
Turn   | Place    | Note
-------+----------+-------------------------------------------
     0 | D:1      | experimilk the Draconian Conjurer began the quest for the
                  | Orb.
     0 | D:1      | Reached XP level 1. HP: 14/14 MP: 3/3
   119 | D:1      | Found a faded altar of an unknown god.
   227 | D:1      | Reached XP level 2. HP: 20/20 MP: 1/5
   861 | D:1      | Learned a level 2 spell: Searing Ray
   884 | D:2      | Reached skill level 5 in Conjurations
   928 | D:2      | Reached XP level 3. HP: 26/26 MP: 4/6
  1177 | D:2      | Found Riusekal's Jewellery Shoppe.
  1521 | D:2      | Found a basalt altar of Yredelemnul.
  1646 | D:2      | Upgraded the game from 0.31-a0-214-gb37851dbb3 to
                  | 0.31-a0-217-g58bb5d79cf
  2153 | D:3      | Reached XP level 4. HP: 30/33 MP: 3/7
  2516 | D:3      | Identified the +8 dagger of Koeliczu {spect, rC++ Int+3}
  2553 | D:3      | Found a glowing drain.
  2575 | Sewer    | Entered a sewer
  2811 | Sewer    | Noticed Pargi
  2822 | Sewer    | Killed Pargi
  2823 | Sewer    | Reached XP level 5. HP: 28/38 MP: 2/8
  3596 | D:4      | Noticed a water moccasin
  3602 | D:4      | Killed a water moccasin
  3603 | D:4      | Reached XP level 6. HP: 35/45 MP: 2/9
  3797 | D:4      | Found a staircase to the Ecumenical Temple.
  4566 | D:5      | Entered Level 5 of the Dungeon
  4672 | D:5      | Noticed a steam dragon
  4679 | D:5      | Killed a steam dragon
  4680 | D:5      | Your scales start taking on a lurid green colour.
  4680 | D:5      | Reached XP level 7. HP: 39/50 MP: 6/10
  4680 | D:5      | Gained mutation: Your system is resistant to poisons.
                  | (rPois) [Green Draconian growth]
  4765 | Temple   | Entered the Ecumenical Temple
  5029 | D:4      | Learned a level 3 spell: Vampiric Draining
  5092 | Temple   | Became a worshipper of Vehumet
  5617 | D:5      | Noticed a wyvern
  5622 | D:5      | Killed a wyvern
  5692 | D:5      | Reached XP level 8. HP: 57/57 MP: 5/11
  5783 | D:5      | Reached skill level 5 in Necromancy
  6787 | D:6      | Reached * piety under Vehumet
  6787 | D:6      | Offered knowledge of Foxfire by Vehumet.
  6962 | D:6      | Found a sparkling altar of Nemelex Xobeh.
  7026 | D:6      | Found a glowing golden altar of the Shining One.
  7026 | D:6      | Found an ancient bone altar of Kikubaaqudgha.
  7029 | D:6      | Found a sacrificial altar of Ru.
  7189 | D:6      | Fell from the grace of Vehumet
  7189 | D:6      | Became a worshipper of Kikubaaqudgha
  7302 | D:7      | Learned a level 1 spell: Kiss of Death
  7535 | D:7      | Reached XP level 9. HP: 62/62 MP: 7/14
  8308 | D:7      | Reached * piety under Kikubaaqudgha
  8308 | D:7      | Received a gift from Kikubaaqudgha
  8309 | D:7      | Reached skill level 5 in Spellcasting
  8443 | D:7      | Learned a level 4 spell: Animate Dead
  8448 | D:7      | Learned a level 4 spell: Dispel Undead
  9002 | D:8      | Mangled by an orc

Illustrated notes

Levels and vault maps discovered:
D:1:      minmay_arrival_wavy_path, layout_basic, ebering_ecumenical_altar_ruins
D:2:      layout_basic, serial_shops, nicolae_shop_stone, basic_altar
D:3:      layout_loops_ring, cheibrodos_sewer_entry_sluice
D:4:      layout_basic, minmay_temple_entry_offerings
D:5:      layout_loops_corners, chequers_serial_rivers_micro_e
D:6:      layout_basic, grunt_temple_overflow_open
D:7:      layout_basic
D:8:      minmay_four_partial_circles, layout_rooms, grunt_ministairs_8,
          uniq_joseph
Temple:   regret_index_temple_mists

Skill      XL: |  1  2  3  4  5  6  7  8  9 |
---------------+----------------------------+-----
Conjurations   | 5 6 7 8 9 |  9.0
Necromancy     | 4 7 9 |  9.0
Spellcasting   | 3 6 |  6.1
Dodging        | |  1.7
Stealth        | |  1.7

Action                     |  1- 3 |  4- 6 |  7- 9 || total
---------------------------+-------+-------+-------++-------
  Melee: Spear             |    10 |    27 |       ||    37
         Tailslap          |     2 |     9 |     6 ||    17
         Dagger            |       |    39 |    42 ||    81
         Punch             |       |       |     1 ||     1
   Cast: Magic Dart        |    62 |    45 |    66 ||   173
         Searing Ray       |     5 |    14 |    35 ||    54
         Dispel Undead     |       |       |     4 ||     4
         Vampiric Draining |       |       |     3 ||     3
         Animate Dead      |       |       |     2 ||     2
Ability: Breathe Noxious F |       |       |    11 ||    11
  Evoke: Wand              |       |       |     3 ||     3
    Use: Scroll            |     2 |     2 |       ||     4
         Potion            |     1 |       |     1 ||     2
   Stab: Sleeping          |       |     1 |       ||     1
 Armour: Skin              |     7 |    24 |    22 ||    53
  Dodge: Dodged            |     8 |    68 |    48 ||   124

Table legend: (Time is in decaauts)
 A = Elapsed time spent in this place.
 B = Non-inter-level travel time spent in this place.
 C = Inter-level travel time spent in this place.
 D = Time resting spent in this place.
 E = Time spent auto-exploring this place.
 F = Levels seen in this place.
 G = Mean time per level.
                   A        B        C        D        E       F      G
               +--------+--------+--------+--------+--------+-----+--------+
         Total |   9092 |   8814 |    278 |   1604 |   5850 |  10 |  909.2 |
       Dungeon |   8310 |   8042 |    268 |   1339 |   5663 |   8 | 1038.8 |
        Temple |    326 |    317 |      9 |      0 |    148 |   1 |  326.0 |
         Sewer |    454 |    454 |      0 |    265 |     39 |   1 |  454.0 |
               +--------+--------+--------+--------+--------+-----+--------+

Top non-repeatable levels by time:
     D:7: 1685 daAuts
     D:5: 1375 daAuts
     D:4: 1325 daAuts
     D:2: 1260 daAuts
     D:6: 908 daAuts
     D:1: 870 daAuts
     D:3: 806 daAuts
   Sewer: 454 daAuts
  Temple: 326 daAuts
     D:8: 77 daAuts
